 Dungeon Crawl Stone Soup version 0.18-a0-1041-gbe91bf5 (webtiles) character file.

101 Duffy the Chopper (level 4, -2/23 HPs)
             Began as a Vine Stalker Fighter on Jan 10, 2016.
             Was an Initiate of the Shining One.
             Killed by divine providence
             ... invoked by an orc priest
              (8 damage)
             ... on level 4 of the Dungeon.
             The game lasted 00:01:59 (2445 turns).

Duffy the Chopper (Vine Stalker Fighter)            Turns: 2445, Time: 00:01:59

Health: -2/23      AC:  9    Str: 18    XL:     4   Next: 75%
Magic:  0/5        EV:  4    Int:  8    God:    the Shining One [......]
Gold:   165        SH:  9    Dex: 15    Spells: 0 memorised, 3 levels left

rFire  . . .     SeeInvis .     a - +0 war axe
rCold  . . .     Gourm    .     l - +0 chain mail
rNeg   . . .     Faith    .     c - +0 shield
rPois  .         Spirit   +     n - +0 helmet
rElec  .         Dismiss  .     (no cloak)
rCorr  .         Reflect  .     (no gloves)
SustAt .         Harm     .     (no boots)
MR     .....                    (no amulet)
Stlth  ..........               (no ring)
                                (no ring)

@: not resistant to hostile enchantments, extremely unstealthy
A: fangs 2, regeneration 1, magic shield, antimagic bite, no device heal 3, rot
immunity
a: Renounce Religion


You were on level 4 of the Dungeon.
You worshipped the Shining One.
The Shining One was noncommittal.
You were not hungry.

You visited 1 branch of the dungeon, and saw 4 of its levels.

You collected 165 gold pieces.


Innate Abilities, Weirdness & Mutations

You have extremely sharp teeth.
Your natural rate of healing is unusually fast.
When hurt, damage is shared between your health and your magic reserves.
Your bite disrupts and absorbs the magic of your enemies.
Potions and wands cannot restore your health.
You are immune to rotting.


   Skills:
 - Level 2.6 Fighting
 + Level 4.3 Axes
 - Level 2.4 Armour
 - Level 2.6 Shields


You had 3 spell levels left.
You didn't know any spells.

Inventory:

Hand Weapons
 a - a +0 war axe (weapon)
Armour
 b - a +0 scale mail
 c - a +0 shield (worn)
 l - a +0 chain mail (worn)
 n - a +0 helmet (worn)
Scrolls
 i - a scroll of enchant armour {unknown}
 j - 3 scrolls of recharging {unknown}
 k - 2 scrolls of identify {unknown}
 m - a scroll of blinking {unknown}
 o - 2 scrolls of remove curse {unknown}
 q - a scroll of teleportation {unknown}
Potions
 d - a potion of might
 e - a potion of invisibility {unknown}
 g - 2 potions of curing {unknown}
 h - 2 potions of agility {unknown}
 p - a potion of heal wounds {unknown}
 s - a potion of haste {unknown}
 t - a potion of poison {unknown}
 u - a potion of ambrosia {unknown}
 w - a potion of degeneration {unknown}
 x - a potion of cure mutation {unknown}
Comestibles
 f - 2 bread rations
 r - a meat ration
 v - a chunk of flesh

Dungeon Overview and Level Annotations

Branches:
Dungeon (4/15)
 Temple: D:4-7

Altars:
Ru
The Shining One


Message History

There are monsters nearby!
The orc priest hits you but does no damage.
You barely miss the orc priest. You hit the orc wizard.
The orc wizard is lightly wounded.
The orc wizard hits you but does no damage.
You block the orc wizard's attack. The orc priest barely misses you.
You barely miss the orc wizard.
The orc wizard is lightly wounded.
Your chain mail prevents you from hitting the orc priest.
The orc wizard hits you with a dagger.
Your chain mail prevents you from hitting the orc wizard.
Your bite misses the orc wizard.
The orc wizard is lightly wounded.
You closely miss the orc priest. You block the orc wizard's attack.
The orc priest barely misses you. The orc hits you but does no damage.
The orc wizard hits you but does no damage.
You closely miss the orc wizard.
The orc wizard is lightly wounded.
You hit the orc priest but do no damage.
You barely miss the orc.
The orc priest calls down the wrath of Beogh upon you.
Something smites you! You block the orc's attack.
The orc wizard hits you but does no damage.
The orc priest hits you but does no damage.
You hit the orc wizard but do no damage.
The orc wizard is lightly wounded.
You hit the orc priest.
The orc priest is lightly wounded.
Your shield and chain mail prevent you from hitting the orc.
The orc hits you but does no damage. The orc wizard casts a spell at you.
The magic dart hits you!
The orc priest mumbles some strange prayers to Beogh against you.
Something smites you!
You die...

## ##.########
..........
.........
......oo###
......o@..##
...........##
........<...#
............#
....#######..#
.... #..# ...
..# .. ..# #


You could see an orc priest, an orc wizard and an orc.

Action                   |  1- 3 |  4- 6 || total
-------------------------+-------+-------++-------
Melee: War axe           |    75 |    96 ||   171
  Eat: Chunk             |       |     5 ||     5

Notes
Turn   | Place    | Note
--------------------------------------------------------------
     0 | D:1      | Duffy the Vine Stalker Fighter began the quest for the Orb.
     0 | D:1      | Reached XP level 1. HP: 11/11 MP: 2/2
    24 | D:2      | Reached skill level 2 in Axes
    93 | D:2      | Reached XP level 2. HP: 4/16 MP: 0/3
   276 | D:2      | Reached skill level 3 in Axes
   276 | D:2      | Reached XP level 3. HP: 11/19 MP: 2/4
   382 | D:2      | Found a sacrificial altar of Ru.
   635 | D:2      | Found a glowing golden altar of the Shining One.
   647 | D:2      | Became a worshipper of the Shining One
   720 | D:1      | Reached XP level 4. HP: 23/23 MP: 5/5
  1200 | D:1      | Reached skill level 4 in Axes
  1578 | D:3      | Noticed Duffy's ghost (weakling VSFi)
  1581 | D:3      | Killed Duffy's ghost
  2445 | D:4      | Killed from afar by an orc priest

Vault maps used:
D:1:      dpeg_arrival_fog, minmay_misc_feat_hallway, st_stairs_5,
          serial_park_tiny_pond
D:2:      old_standard_altar, tso_altar
D:3:      minmay_statues_item, minivault_5
D:4:      yredelemnul_forgotten_temple_becter, minmay_misc_feat_diagonals,
          grunt_gozag_breadcrumbs

Vanquished Creatures
  2 adders
  2 oozes
  4 worms
  The ghost of Duffy the Skirmisher, a weakling VSFi
  2 giant geckos
  An orc
  11 hobgoblins
  8 jackals
  2 quokkas
  A ball python
  5 bats
  5 giant newts
  5 goblins
  2 kobolds
  8 rats
59 creatures vanquished.
